[Event "Late-Titled-Tuesday-Blitz-October-17-2023"]
[Site "Chess.com"]
[Date "2023.10.17"]
[Round "3"]
[White "imdvb6307"]
[Black "Hasangatin_Ramil"]
[Result "0-1"]
[WhiteElo "2500"]
[BlackElo "2713"]
[TimeControl "180+1"]
[EndTime "14:28:34 PDT"]
[Termination "Hasangatin_Ramil won on time"]

1. d4 d6 2. Nf3 Bg4 3. e4 Nf6 4. Bd3 e6 5. Nbd2 Be7 6. h3 Bh5 7. O-O d5 8. c3 dxe4 9. Nxe4 Nbd7 10. Bf4 Nxe4 11. Bxe4 c6 12. Qb3 Qb6 13. Ne5 Nxe5 14. Bxe5 O-O 15. Qxb6 axb6 16. a4 Rac8 17. f4 Bg6 18. f5 exf5 19. Bxf5 Bxf5 20. Rxf5 f6 21. Bg3 g6 22. Rf3 Rfe8 23. Bh4 f5 24. Bg3 Bf6 25.
Re1 Rxe1+ 26. Bxe1 Ra8 27. b3 Re8 28. Bd2 Re2 29. Rf2 Rxf2 30. Kxf2 Kf7 31. Bf4 Ke6 32. Ke3 c5 33. dxc5 bxc5 34. Kd3 Kd5 35. Bd2 Be5 36.
c4+ Ke6 37. b4 cxb4 38. Bxb4 g5 39. Bd2 Bf6 40. Be3 h5 41. Bb6 g4 42. hxg4 fxg4 43. Be3 Kf5 44. c5 Bd8 45. Bd2 h4 46. a5 h3 47. gxh3 gxh3 48. c6 bxc6 49. a6 Bb6 50.
Ba5 h2 0-1

[Event "Late-Titled-Tuesday-Blitz-October-17-2023"]
[Site "Chess.com"]
[Date "2023.10.17"]
[Round "3"]
[White "giomar27"]
[Black "Freeeeeeeeeeeeeeeeee"]
[Result "1-0"]
[WhiteElo "2353"]
[BlackElo "1975"]
[TimeControl "180+1"]
[EndTime "14:28:34 PDT"]
[Termination "giomar27 won on time"]

1. a3 h6 2. e4 e6 3. d3 d6 4. f4 Nf6 5. Nc3 Be7 6. Nf3 c5 7. g3 Nc6 8. Bg2 Rb8 9. a4 d5 10. e5 Nd7 11. O-O a6 12. d4 cxd4 13. Ne2 Bc5 14.
Nfxd4 Qb6 15. c3 O-O 16. Kh1 Qc7 17. Be3 b5 18. axb5 axb5 19. Qd2 Na5 20. b3 b4 21. cxb4 Bxb4 22. Qd3 Nc5 23. Qb1 Ba6 24. Rc1 Rfc8 25. Bf3 Qd8 26. Nc2 Bd3 27. Qb2 Ncxb3 28. Nxb4 Nxc1 29.
Nxc1 Be4 30. Bxe4 dxe4 31. Qd2 Qe7 32. Na6 Rb5 33. Rxa5 Rxa5 34. Qxa5 Qb7 35. Nc5 Qb1 36. Qd2 1-0

[Event "Late-Titled-Tuesday-Blitz-October-17-2023"]
[Site "Chess.com"]
[Date "2023.10.17"]
[Round "3"]
[White "mind1mover"]
[Black "Flaccidmoves"]
[Result "1-0"]
[WhiteElo "2865"]
[BlackElo "2423"]
[TimeControl "180+1"]
[EndTime "14:28:35 PDT"]
[Termination "mind1mover won on time"]

1. Nf3 Nf6 2. b3 d5 3. Bb2 c5 4. e3 Nc6 5. Bb5 Bd7 6. O-O e6 7. d3 Be7 8. Nbd2 O-O 9. Bxc6 Bxc6 10. Ne5 Qc7 11. f4 Rfd8 12. Rf3 Be8 13. Rg3 d4 14. e4 Nd7 15. Qg4 g6 16. Ndf3 Nf6 17.
Qh3 Bf8 18. Rf1 Bg7 19. Qh4 Nh5 20. Rh3 h6 21. Bc1 f5 22. g4 Bf6 23. Qf2 fxg4 24. Nxg4 Bg7 25. Kh1 b5 26. Nfe5 a5 27. Rg1 Kh7 28. Rh4 Qe7 29. Rh3 a4 30. f5 exf5 31. exf5 Bxe5 32. fxg6+ Bxg6 33. Nxh6 Qb7+ 34. Rg2 1-0

[Event "Late-Titled-Tuesday-Blitz-October-17-2023"]
[Site "Chess.com"]
[Date "2023.10.17"]
[Round "3"]
[White "leoduarte"]
[Black "drdaro"]
[Result "0-1"]
[WhiteElo "2398"]
[BlackElo "2249"]
[TimeControl "180+1"]
[EndTime "14:28:35 PDT"]
[Termination "drdaro won by checkmate"]

1. d4 c5 2. d5 e5 3. e4 d6 4. Ne2 g6 5. Nec3 Bg7 6. a4 Ne7 7. Na3 O-O 8. Be2 Na6 9. Nc4 Nc7 10. Be3 f5 11. f3 f4 12. Bxc5 dxc5 13. d6 Nc6 14.
dxc7 Qxc7 15. Qd5+ Qf7 16. Qxc5 Nd4 17. Bd3 b6 18. Qd5 Be6 19. Nxe5 Bxd5 20. Nxf7 Bxf7 21. Nd1 Rac8 22. Kd2 Rfd8 23. Nc3 Nc6 24. Ke2 Bxc3 25. bxc3 Ne5 26. Ra3 Bc4 27. Rd1 Kg7 28. a5 b5 29.
g3 g5 30. Raa1 a6 31. Ra3 Kf6 32. Rd2 h5 33. Rd1 g4 34. gxf4 Nxf3 35. e5+ Ke6 36. h3 Bxd3+ 37. cxd3 Kf5 38. hxg4+ hxg4 39. Rh1 Rh8 40.
Raa1 Rxh1 41. Rxh1 Kxf4 42. e6 Re8 43. Rh6 Ng5 44. Rf6+ Ke5 45. Rg6 Kf5 46. Rh6 Rxe6+ 47. Kf2 Rxh6 48. c4 Rh3 49. cxb5 axb5 50. Ke2 Rh2+ 51.
Ke3 Ra2 52. Kd4 g3 53. Kc5 g2 54. d4 g1=Q 55. a6 Qc1+ 56. Kb6 b4 57. d5 Qa3 58. d6 Qxa6+ 59. Kc5 Ra5+ 60. Kd4 Qxd6+ 61. Kc4 Rc5+ 62.
Kxb4 Qb6+ 63. Ka4 Ra5# 0-1

[Event "Late-Titled-Tuesday-Blitz-October-17-2023"]
[Site "Chess.com"]
[Date "2023.10.17"]
[Round "3"]
[White "kingofthenil"]
[Black "Levanzovsky"]
[Result "0-1"]
[WhiteElo "2693"]
[BlackElo "2426"]
[TimeControl "180+1"]
[EndTime "14:28:36 PDT"]
[Termination "Levanzovsky won on time"]

1. e4 e5 2. Nf3 Nc6 3. Bc4 Bc5 4.
c3 Nf6 5. d3 d6 6. Bb3 a6 7. h3 Ba7 8. Nbd2 h6 9. Nf1 g5 10.
g4 Be6 11. Ng3 Ne7 12. Nf5 Bxb3 13. Qxb3 Nxf5 14. gxf5 Bb6 15. Be3 Bxe3 16. fxe3 b6 17. O-O-O Qd7 18. d4 Qb5 19. dxe5 dxe5 20. Nd2 Qxb3 21.
axb3 O-O-O 22. Kc2 Rd7 23. Nc4 Re7 24. Nd2 Rd8 25.
b4 b5 26. Ra1 Kb7 27. Rhd1 Red7 28. Nb3 Nxe4 29. Rxd7 Rxd7 30. Na5+ Kb6 31. Nb3 Rd6 32. f6 Rxf6 33. Rd1 Rd6 34. Rf1 f6 35. Rg1 h5 36.
Rf1 g4 37. Ra1 g3 38. h4 f5 39. Rf1 f4 40. exf4 exf4 41. Rxf4 g2 42. Rxe4 g1=Q 43. Nc5 Rc6 44. Kb3 Rxc5 45. bxc5+ Qxc5 46. Re6+ Kb7 47. Re4 Qd5+ 48. Rc4 Qxc4+ 0-1

[Event "Late-Titled-Tuesday-Blitz-October-17-2023"]
[Site "Chess.com"]
[Date "2023.10.17"]
[Round "3"]
[White "PapaieDudu"]
[Black "protectiago"]
[Result "1-0"]
[WhiteElo "2367"]
[BlackElo "2075"]
[TimeControl "180+1"]
[EndTime "14:28:36 PDT"]
[Termination "PapaieDudu won by resignation"]

1. e4 e5 2. f4 exf4 3. Nf3 Be7 4. Bc4 Bh4+ 5. Kf1 Nh6 6. d4 Ng4 7. Bxf4 Nf2 8. Bxf7+ Kxf7 9. Ne5+ Kg8 10. Qh5 Qf8 11. Qxh4 Nxh1 12. Nd2 d6 13. Nd3 h6 14. Kg1 g5 15. Bxg5 hxg5 16. Qxg5+ Qg7 17. Qd8+ Qf8 18. Qxc7 Rh7 19. Qc4+ Kh8 20. Rf1 Qg8 21. Qc3 d5 22.
Kxh1 Nc6 23. exd5 Ne7 24. Ne5 Nxd5 25. Qd3 Be6 26. Ne4 Rf8 27. Rxf8 Qxf8 28. Ng6+ Kg7 29. Nxf8 Kxf8 30. Ng5 Re7 31. Qf3+ Ke8 32. Nxe6 Nc7 33.
Nxc7+ 1-0

[Event "Late-Titled-Tuesday-Blitz-October-17-2023"]
[Site "Chess.com"]
[Date "2023.10.17"]
[Round "3"]
[White "AsaHoffmann"]
[Black "maurovargas01"]
[Result "1-0"]
[WhiteElo "2339"]
[BlackElo "1911"]
[TimeControl "180+1"]
[EndTime "14:28:36 PDT"]
[Termination "AsaHoffmann won on time"]

1. d4 d5 2. Bg5 h5 3. h4 Nh6 4.
e3 Bf5 5. Bd3 Bxd3 6. Qxd3 f6 7.
Bf4 Nd7 8. Nf3 e6 9. c4 Bd6 10. Bxd6 cxd6 11. cxd5 exd5 12. Nc3 Nb6 13. O-O-O Qd7 14.
Kb1 O-O-O 15. e4 dxe4 16. Qxe4 Kb8 17. Nd5 Qb5 18. Nc3 Qb4 19. d5 Nc4 20. b3 Na3+ 21. Kb2 Qa5 22. Rc1 Rhe8 23. Qd3 Ng4 24. Rhf1 Rc8 25. Nd2 Ne5 26. Qd4 Nb5 27. Nxb5 Qxb5 28. Nc4 Nxc4+ 29. Rxc4 Rxc4 30. Qxc4 Re2+ 31. Kb1 Qxc4 32.
bxc4 Kc7 33. g3 Kb6 34. f3 Kc5 35. g4 Kxc4 36. gxh5 Kc3 37. a4 Kb3 38. Kc1 Rh2 39.
Rg1 Rxh4 40. Rxg7 Rxa4 41. Rxb7+ Kc3 42. Kd1 Kd3 43. Ke1 Ke3 44. Rb3+ Kd4 45. h6 1-0

[Event "Late-Titled-Tuesday-Blitz-October-17-2023"]
[Site "Chess.com"]
[Date "2023.10.17"]
[Round "3"]
[White "sjoerd893"]
[Black "nitpicker"]
[Result "1-0"]
[WhiteElo "2531"]
[BlackElo "2244"]
[TimeControl "180+1"]
[EndTime "14:28:37 PDT"]
[Termination "sjoerd893 won on time"]

1. e4 c5 2. Nf3 Nc6 3. d4 cxd4 4. Nxd4 Nf6 5. Nc3 d6 6. Be3 e5 7. Nb3 h6 8. f3 Be6 9. Qd2 Be7 10. g4 d5 11.
exd5 Nxd5 12. Ne4 Nxe3 13. Qxe3 Qb6 14. Qxb6 axb6 15. Be2 O-O 16. O-O f5 17. Ned2 Rad8 18. Bc4 Bxc4 19. Nxc4 b5 20. Ne3 g6 21. Rad1 Nd4 22.
gxf5 gxf5 23. Nxd4 exd4 24. Ng2 Bg5 25. Rd3 Rfe8 26. Rfd1 Bf6 27. Kf2 Re6 28. Nf4 Rc6 29. c3 Rcd6 30. Ne2 Be5 31. f4 Bf6 32. Nxd4 Kf7 33.
Ke3 Re8+ 34. Kf3 Red8 35. a3 Kg6 36. R3d2 Bxd4 37. Rxd4 Rxd4 38. Rxd4 Re8 39. Rd6+ Kh5 40. Rb6 Rd8 41. Rxb5 Kg6 42. Rb6+ Kf7 43. Rxb7+ 1-0

[Event "Late-Titled-Tuesday-Blitz-October-17-2023"]
[Site "Chess.com"]
[Date "2023.10.17"]
[Round "3"]
[White "Hambardzumyan_Yuri"]
[Black "RichardShtivelband"]
[Result "0-1"]
[WhiteElo "2456"]
[BlackElo "2173"]
[TimeControl "180+1"]
[EndTime "14:28:37 PDT"]
[Termination "RichardShtivelband won on time"]

1. e4 e6 2. d4 d5 3. Nc3 Bb4 4. exd5 exd5 5. Bd3 Nc6 6. a3 Ba5 7. b4 Bb6 8. Nce2 Bxd4 9. Bb2 Bxb2 10. Rb1 Bf6 11.
Nf3 Nge7 12. O-O Bg4 13. b5 Ne5 14. Nxe5 Bxe5 15. Qe1 Qd6 16. f4 Bf6 17. Ng3 Bd7 18.
Kh1 O-O 19. a4 Rfe8 20. Nh5 Ng6 21. Qg3 d4 22. a5 Re3 23. Qf2 Rae8 24. Bc4 Bg4 25.
Ng3 Bh4 26. Rbe1 Qe7 27. Rb1 h5 28. f5 Ne5 29. Bd5 c6 30. bxc6 bxc6 31. Ba2 Bxg3 32.
hxg3 h4 33. gxh4 Be2 34. f6 Qxf6 35. Qxf6 gxf6 36. Rxf6 c5 37. Bd5 c4 38. Rb7 Bh5 39. Rf5 Bg6 40. Rg5 d3 41. cxd3 cxd3 42. h5 d2 0-1

[Event "Late-Titled-Tuesday-Blitz-October-17-2023"]
[Site "Chess.com"]
[Date "2023.10.17"]
[Round "3"]
[White "Mykola-Bortnyk"]
[Black "BardArtem"]
[Result "0-1"]
[WhiteElo "2981"]
[BlackElo "2764"]
[TimeControl "180+1"]
[EndTime "14:28:38 PDT"]
[Termination "BardArtem won on time"]

1. e4 c6 2. d4 d5 3. exd5 cxd5 4.
c4 Nf6 5. Nc3 g6 6. cxd5 Nxd5 7.
Qb3 Nb6 8. a4 Bg7 9. a5 N6d7 10.
Nf3 O-O 11. Be3 Nf6 12. Ne5 Nc6 13. a6 Nxd4 14. Qd1 Nf5 15. Qxd8 Rxd8 16. Bc4 Nd6 17. Rd1 Nd7 18. Nxf7 Nxf7 19. Bd5 Rb8 20. Bxa7 Ra8 21.
Nb5 bxa6 22. Bxa8 axb5 23. O-O Rf8 24. Rfe1 Nde5 25. Bd5 Bf6 26. Bc5 Kg7 27. h3 Nd6 28.
b3 Bf5 29. Bxd6 exd6 30. Ra1 Kh6 31. g4 Bc2 32. f4 Nd3 33. g5+ Kh5 34. gxf6 Nxe1 35.
Ra7 g5 36. Kf2 Nd3+ 37. Ke3 Nxf4 38. f7 Nxd5+ 39. Kd2 Bg6 0-1

[Event "Late-Titled-Tuesday-Blitz-October-17-2023"]
[Site "Chess.com"]
[Date "2023.10.17"]
[Round "3"]
[White "Emp3rador"]
[Black "Kale36"]
[Result "1-0"]
[WhiteElo "2534"]
[BlackElo "2295"]
[TimeControl "180+1"]
[EndTime "14:28:39 PDT"]
[Termination "Emp3rador won by resignation"]

1. e4 Nc6 2. Nc3 d6 3. d4 g6 4. h3 Bg7 5. g4 e6 6. Nge2 Nge7 7. Bg2 O-O 8. Be3 f5 9. Qd2 fxg4 10. hxg4 e5 11. g5 exd4 12. Nxd4 Nxd4 13. Bxd4 Nc6 14.
Bxg7 Kxg7 15. O-O-O Be6 16. f4 Rf7 17. Bh3 Qd7 18.
Nd5 Bxh3 19. Qc3+ Kg8 20. Rxh3 Raf8 21. Nf6+ Rxf6 22. gxf6 Qg4 23. Rf1 Nd4 24. Kb1 c5 25. Qc4+ Kh8 26. Rxh7+ Kxh7 27. Rh1+ Qh5 28. Rxh5+ gxh5 29. e5 h4 30. b3 Kh6 31. Qd3 Kh5 32. Qh3 dxe5 33. fxe5 Nc6 34. Qf5+ Kh6 35. e6 Nd4 36. Qf4+ Kh5 37. e7 Ne6 38. Qf5+ Ng5 39. exf8=Q 1-0

[Event "Late-Titled-Tuesday-Blitz-October-17-2023"]
[Site "Chess.com"]
[Date "2023.10.17"]
[Round "3"]
[White "GaiozNigalidze"]
[Black "AryanTari"]
[Result "0-1"]
[WhiteElo "2703"]
[BlackElo "2946"]
[TimeControl "180+1"]
[EndTime "14:28:40 PDT"]
[Termination "AryanTari won by resignation"]

1. d4 Nf6 2. c4 g6 3. Nc3 d5 4. Nf3 Bg7 5. Bg5 Ne4 6. cxd5 Nxg5 7. Nxg5 e6 8. Qd2 exd5 9. h4 h6 10. Nf3 O-O 11. e3 c6 12. Be2 Re8 13. Rc1 Nd7 14.
g4 a5 15. Kf1 b5 16. Qc2 Nb6 17. g5 h5 18. b3 a4 19. bxa4 b4 20. Nb1 Bf5 21.
Qb3 Rxa4 22. Rxc6 Bd7 23. Rc1 Nc4 24. Kg2 Qa8 25. Rxc4 dxc4 26. Bxc4 Be6 27. d5 Bg4 28. Nbd2 Bc3 29. Rb1 Ra3 30. Qc2 Rc8 31. Bb3 Kg7 32.
Qd3 Rd8 33. e4 Qc8 34. Nc4 Ra7 35. Rd1 Rc7 36. d6 Bxf3+ 37. Kxf3 Qg4+ 38. Ke3 Rc5 39. f3 Qxh4 40. Rg1 Qh2 41. Qd1 Be5 42. Nxe5 Qxe5 43. Kf2 Rxd6 44. Qe2 h4 45. Kg2 Qg3+ 46. Kf1 Qf4 47. e5 Rc1+ 48. Kg2 Qg3+ 0-1

[Event "Late-Titled-Tuesday-Blitz-October-17-2023"]
[Site "Chess.com"]
[Date "2023.10.17"]
[Round "3"]
[White "FrankDux44"]
[Black "ckgchess"]
[Result "1/2-1/2"]
[WhiteElo "2661"]
[BlackElo "2880"]
[TimeControl "180+1"]
[EndTime "14:28:41 PDT"]
[Termination "Game drawn by repetition"]

1. d4 Nf6 2. Bg5 d5 3. Nd2 Nbd7 4. e3 h6 5. Bh4 c5 6. c3 e6 7. Bd3 Be7 8. Ngf3 b6 9. O-O Bb7 10. Re1 O-O 11. a3 Ne4 12. Bxe7 Qxe7 13. Bc2 Rad8 14. Nxe4 dxe4 15. Nd2 Nf6 16. Qe2 e5 17. dxc5 Qxc5 18. Rad1 Qc6 19. h3 Rd7 20. Nf1 Rfd8 21. Rxd7 Rxd7 22. Rd1 Rxd1 23. Bxd1 Nd7 24. Ng3 Nc5 25. Bc2 g6 26. h4 h5 27. Qc4 Ba6 28.
Bxe4 Qf6 29. Qd5 Bb7 30. Qc4 Bxe4 31. Nxe4 Qxh4 32. Nd6 Qe7 33. Qd5 Na4 34. Nc4 e4 35. Ne5 Kg7 36. Qxe4 Nxb2 37. Qd4 Qf6 38. f4 b5 39.
Qxa7 Na4 40. Qd4 Kg8 41. Nd7 Qc6 42. Nf6+ Kf8 43. Qd8+ Kg7 44. Ne8+ Kh7 45. Nf6+ Kg7 46. Ne8+ Kh7 47. Nf6+ Kg7 1/2-1/2

[Event "Late-Titled-Tuesday-Blitz-October-17-2023"]
[Site "Chess.com"]
[Date "2023.10.17"]
[Round "3"]
[White "Joshukid"]
[Black "Cristi_Coca"]
[Result "0-1"]
[WhiteElo "2545"]
[BlackElo "2358"]
[TimeControl "180+1"]
[EndTime "14:28:41 PDT"]
[Termination "Cristi_Coca won on time"]

1. Nf3 Nf6 2. c4 g6 3. b3 Bg7 4.
Bb2 O-O 5. g3 c5 6. Bg2 Nc6 7.
O-O d6 8. d4 cxd4 9. Nxd4 Bd7 10.
Nc3 a6 11. Rc1 Rb8 12. Nd5 Nxd5 13. Bxd5 Nxd4 14. Bxd4 Bxd4 15. Qxd4 Bc6 16. e4 Bxd5 17. cxd5 Qa5 18. Rc2 Rfc8 19. Rfc1 Qd8 20. Qb4 Qd7 21. Qb6 Rxc2 22. Rxc2 Rc8 23. Rc4 Kg7 24. Kg2 h5 25. h3 h4 26. g4 f6 27. a3 Kf7 28. Qd4 b5 29. Rc3 Rc7 30. Qd2 Rxc3 31. Qxc3 Qa7 32. Qc8 Qd4 33. Qe6+ Kf8 34. g5 fxg5 35.
Qxg6 Qe5 36. Qf5+ Qxf5 37. exf5 Kf7 38. Kf3 Kg7 39. b4 Kf6 40. Kg4 Ke5 41. Kxg5 Kxd5 42. Kxh4 Ke4 43. Kg3 d5 44. h4 d4 45. Kg2 Kxf5 46.
Kf3 e5 47. h5 Kg5 48. Ke4 Kxh5 49. f4 d3 0-1

[Event "Late-Titled-Tuesday-Blitz-October-17-2023"]
[Site "Chess.com"]
[Date "2023.10.17"]
[Round "3"]
[White "WPWPWP-2015"]
[Black "pirulillo"]
[Result "1-0"]
[WhiteElo "2569"]
[BlackElo "2347"]
[TimeControl "180+1"]
[EndTime "14:28:42 PDT"]
[Termination "WPWPWP-2015 won by resignation"]

1. e4 c5 2. Nf3 e6 3. d4 cxd4 4. Nxd4 Nf6 5. Nc3 Nc6 6. Ndb5 d6 7. Bf4 e5 8. Bg5 a6 9. Na3 b5 10. Nd5 Be7 11. Bxf6 Bxf6 12. c3 O-O 13. Nc2 Bg5 14.
h4 Bh6 15. a4 bxa4 16. Rxa4 a5 17. Bc4 Rb8 18. b3 g6 19. h5 Kg7 20. Nce3 Be6 21.
g3 Bxe3 22. Nxe3 Bxc4 23. Rxc4 Ne7 24. Qf3 f5 25. Qd1 f4 26. Ng4 fxg3 27. fxg3 d5 28. exd5 Qxd5 29. Qxd5 Nxd5 30. Rc5 Rxb3 31. Kd2 Nf6 32.
Rc7+ Rf7 33. h6+ Kf8 34. Rxf7+ Kxf7 35. Nxe5+ Ke6 36. Nd3 a4 37. Nc5+ Kd5 38. Nxb3 axb3 39. Ra1 Ne4+ 40. Kd3 Nxg3 41. Ra5+ Kc6 42. Ra3 Nf5 43.
Ra6+ Kc5 44. Rxg6 hxg6 45. h7 b2 46. Kc2 Ne3+ 47. Kxb2 Nc4+ 48. Kc1 Ne5 49. h8=Q 1-0

[Event "Late-Titled-Tuesday-Blitz-October-17-2023"]
[Site "Chess.com"]
[Date "2023.10.17"]
[Round "3"]
[White "ljm509"]
[Black "Iball95"]
[Result "1-0"]
[WhiteElo "2292"]
[BlackElo "2830"]
[TimeControl "180+1"]
[EndTime "14:28:43 PDT"]
[Termination "ljm509 won by checkmate"]

1. e4 c5 2. Nf3 e6 3. d4 cxd4 4.
Nxd4 Nf6 5. Nc3 Nc6 6. Nxc6 bxc6 7. Bd3 e5 8. O-O Bc5 9. h3 O-O 10. Qe2 h6 11. Be3 Bxe3 12. Qxe3 Re8 13. Rad1 Qb6 14. Qc1 d5 15. Kh2 Rb8 16. b3 Qa5 17. Qa1 Ba6 18. Bxa6 Qxa6 19. exd5 cxd5 20. Nxd5 Nxd5 21. Rxd5 Qe2 22.
Qd1 Qe4 23. Qd3 Qf4+ 24. Qg3 Qf6 25. Rfd1 e4 26. c4 Rbc8 27. Rd6 Qb2 28. R1d2 Qc1 29.
Qf4 a5 30. Rd7 Rf8 31. Qxe4 a4 32. Qe3 axb3 33. axb3 Rce8 34. Qf4 Qc3 35. R2d3 Qb4 36. Qd2 Qb8+ 37. f4 Rc8 38. R3d4 Qb6 39. b4 h5 40. c5 Qg6 41. R7d6 f6 42. Qf2 Rce8 43. f5 Qg5 44. Rd7 Re3 45. c6 Rc3 46. b5 Kh7 47. c7 Rc8 48. b6 Rb3 49. Rd8 h4 50. Rxh4+ Qxh4 51. Qxh4# 1-0

[Event "Late-Titled-Tuesday-Blitz-October-17-2023"]
[Site "Chess.com"]
[Date "2023.10.17"]
[Round "3"]
[White "Lennis93"]
[Black "Real_taiatai"]
[Result "1-0"]
[WhiteElo "2702"]
[BlackElo "2442"]
[TimeControl "180+1"]
[EndTime "14:28:45 PDT"]
[Termination "Lennis93 won by checkmate"]

1. c4 Nf6 2. g3 e6 3. Bg2 d5 4. Nf3 dxc4 5. Qa4+ Nbd7 6. O-O a6 7. Qxc4 b5 8. Qc2 Bb7 9. b3 c5 10. Bb2 Be7 11. d3 O-O 12. a4 Rc8 13. Nc3 Qb6 14. axb5 axb5 15. h3 Nd5 16. Nxd5 Bxd5 17. e4 Bb7 18.
Nd2 Rfd8 19. Kh2 Nb8 20. Qc3 Bf8 21. Nf3 Nc6 22. Rfd1 Rd7 23. Bf1 Nd4 24. Nxd4 cxd4 25. Qd2 Rdc7 26. Rdc1 e5 27. Rxc7 Rxc7 28. h4 Qe6 29.
Qd1 Bb4 30. Rc1 Bc3 31. Bh3 Qf6 32. Rc2 g6 33. Bc1 b4 34. Bg5 Qa6 35. Qf3 Rc6 36. Bd7 Rd6 37. Ba4 f6 38. Bh6 Bc8 39. g4 Qb7 40.
Qg3 Qe7 41. f4 Ra6 42. Rf2 Rxa4 43. bxa4 b3 44. fxe5 b2 45. exf6 Qe6 46. Qb8 b1=Q 47. f7+ Kh8 48. f8=Q+ Qg8 49. Qe5# 1-0

[Event "Late-Titled-Tuesday-Blitz-October-17-2023"]
[Site "Chess.com"]
[Date "2023.10.17"]
[Round "3"]
[White "rdarruda"]
[Black "oskariot"]
[Result "0-1"]
[WhiteElo "2481"]
[BlackElo "2665"]
[TimeControl "180+1"]
[EndTime "14:28:46 PDT"]
[Termination "oskariot won by resignation"]

1. d4 Nf6 2. Nf3 g6 3. Nc3 Bg7 4. e4 d6 5. Bg5 h6 6. Bh4 g5 7.
Bg3 Nh5 8. Qd2 Nd7 9. O-O-O Nxg3 10. hxg3 a6 11. e5 e6 12. exd6 cxd6 13. Ne4 Nf6 14. Bd3 b5 15. Nxf6+ Bxf6 16. d5 e5 17. Nh2 h5 18. f3 g4 19. f4 exf4 20. gxf4 b4 21. Nf1 Qb6 22. Ng3 Qd4 23. Bb5+ Kf8 24. Qxd4 Bxd4 25. Rxd4 axb5 26. Kb1 h4 27. Ne4 h3 28. g3 Rh6 29. Rxb4 Bf5 30. Nc3 Re8 31. Kc1 Re3 32. Rxb5 Rxg3 33. Rb8+ Kg7 34. Re8 h2 35. Ree1 Rg2 36.
Ne2 g3 37. Nd4 Bg4 38. a4 Rf2 39. a5 g2 40. a6 gxh1=Q 41. Rxh1 Rg2 42. Ne2 Rxe2 43.
a7 Rh8 0-1

[Event "Late-Titled-Tuesday-Blitz-October-17-2023"]
[Site "Chess.com"]
[Date "2023.10.17"]
[Round "3"]
[White "gmcorrales"]
[Black "dadice10"]
[Result "1-0"]
[WhiteElo "2847"]
[BlackElo "2224"]
[TimeControl "180+1"]
[EndTime "14:28:51 PDT"]
[Termination "gmcorrales won by resignation"]

1. d4 d5 2. Nf3 Nf6 3. c4 dxc4 4. e3 Bg4 5. Bxc4 e6 6. h3 Bh5 7. O-O Bd6 8. Qb3 Bxf3 9. gxf3 Qc8 10. f4 O-O 11.
Be2 c5 12. Bf3 Nc6 13. dxc5 Bxc5 14. Bd2 e5 15. Rc1 Bd6 16. fxe5 Bxe5 17. Bg2 Qd7 18. Bc3 Rac8 19. Rd1 Qe7 20. Bxe5 Qxe5 21. Nc3 Na5 22. Qb5 Qxb5 23. Nxb5 a6 24. Nd6 Rc2 25. b4 Nc4 26. Nxc4 Rxc4 27. a3 b6 28. Rd6 Rb8 29.
Bf1 Rc3 30. Bxa6 Ne4 31. Rd4 Ng5 32. Kg2 Rc2 33. Bd3 Rb2 34. Bc4 g6 35. h4 Ne6 36.
Re4 Ng7 37. Rd1 Nf5 38. Rd7 Rf8 39. a4 Kg7 40. a5 Rxb4 41. a6 Ra4 42. a7 Ra8 43.
Rxf7+ Kh6 44. Bd5 R8xa7 45. Rxa7 Rxa7 46. Rf4 Ra5 47. Be4 Nd6 48. Bf3 Nf5 49. Kh3 b5 50.
e4 Nd4 51. Bg4 Ra4 52. e5 Ne6 53. Rxa4 bxa4 54. Bxe6 1-0

[Event "Late-Titled-Tuesday-Blitz-October-17-2023"]
[Site "Chess.com"]
[Date "2023.10.17"]
[Round "3"]
[White "Nekoo04"]
[Black "wgraif"]
[Result "1-0"]
[WhiteElo "2259"]
[BlackElo "2509"]
[TimeControl "180+1"]
[EndTime "14:28:51 PDT"]
[Termination "Nekoo04 won by checkmate"]

1. d4 Nf6 2. c4 e6 3. g3 d5 4.
Nf3 Be7 5. Bg2 O-O 6. O-O dxc4 7.
Qc2 b6 8. Qxc4 Ba6 9. Qc2 Nbd7 10.
Ne5 Nxe5 11. dxe5 Nd5 12. Rd1 Rc8 13. a3 Qe8 14. e4 c6 15. exd5 cxd5 16. Nc3 f6 17.
Bf4 g5 18. exf6 Bxf6 19. Be3 Qf7 20. Qd2 h6 21. Nxd5 Bg7 22. Nb4 Bb5 23. a4 Bc4 24. Rac1 Bb3 25. Rxc8 Rxc8 26. Rc1 Re8 27. Bc6 Rf8 28.
Bb5 a5 29. Nc6 Bd5 30. Nd4 Bxd4 31. Qxd4 Qf3 32. Kf1 Qh5 33. Rc7 Qg6 34. Bc4 Qb1+ 35. Ke2 Qc2+ 36. Bd2 Bf3+ 37. Ke3 Qg6 38. Qe5 Bh5 39.
Bxe6+ Rf7 40. Bxf7+ Qxf7 41. Rxf7 Bxf7 42. Qb8+ Kg7 43.
Qxb6 Kg8 44. Qxa5 Kf8 45. Qb4+ Kg8 46. a5 Kg7 47. a6 Kg8 48. a7 Bd5 49. Qb8+ Kf7 50.
a8=Q Kg6 51. Qxd5 Kf6 52. Qde5+ Kg6 53. Qbe8+ Kh7 54. Qf5+ Kg7 55. Qfg6# 1-0

[Event "Late-Titled-Tuesday-Blitz-October-17-2023"]
[Site "Chess.com"]
[Date "2023.10.17"]
[Round "3"]
[White "subham777"]
[Black "K_A_S_T_O_R"]
[Result "1-0"]
[WhiteElo "2568"]
[BlackElo "2862"]
[TimeControl "180+1"]
[EndTime "14:28:54 PDT"]
[Termination "subham777 won by resignation"]

1. e4 c5 2. Nf3 d6 3. d4 cxd4 4.
Qxd4 Nc6 5. Bb5 Bd7 6. Bxc6 Bxc6 7. c4 Nf6 8. Nc3 g6 9. Bg5 Bg7 10. O-O O-O 11. Qd3 Qb6 12. Rab1 a5 13. b3 Rfe8 14.
Rfe1 Nd7 15. Nd5 Qd8 16. Nd4 h6 17. Bh4 Ne5 18. Qe3 g5 19. Bg3 e6 20. Nc3 Qb6 21. Nxc6 Qxe3 22. Ne7+ Rxe7 23. Rxe3 Rd7 24. Rd1 Rc8 25. Nb5 Rcd8 26. Re2 Kf8 27. Red2 Ke7 28. f3 Bf8 29. Bf2 Kf6 30. Bb6 Ra8 31. Nxd6 Ra6 32.
c5 Bxd6 33. Rxd6 Rxd6 34. Rxd6 Ke7 35. Bd8+ Ke8 36. Rxa6 bxa6 37. Bxa5 Nd3 38. c6 Ne5 39.
c7 Kd7 40. Kf2 Nd3+ 41. Ke3 Ne5 42. b4 Nc4+ 43. Kd4 Na3 44. Kc5 Nc2 45. Kb6 Nd4 46. Kb7 1-0

[Event "Late-Titled-Tuesday-Blitz-October-17-2023"]
[Site "Chess.com"]
[Date "2023.10.17"]
[Round "3"]
[White "NigelDwarf"]
[Black "adrivillu"]
[Result "1-0"]
[WhiteElo "2547"]
[BlackElo "2306"]
[TimeControl "180+1"]
[EndTime "14:28:54 PDT"]
[Termination "NigelDwarf won by checkmate"]

1. Nf3 e6 2. c4 Nf6 3. Nc3 Bb4 4. g4 Bxc3 5. dxc3 O-O 6. g5 Ne8 7. h4 d6 8. Qc2 e5 9. Bd2 Be6 10. e3 Qd7 11. Bd3 g6 12. h5 Ng7 13. O-O-O Bf5 14. hxg6 fxg6 15. Nh2 Nc6 16. Rdg1 Rae8 17. Bxf5 gxf5 18.
Rg3 e4 19. g6 h5 20. Nf1 Ne5 21. Rgh3 Nd3+ 22. Kb1 Nxf2 23. Rxh5 Nxh5 24. Rxh5 Qg7 25.
Be1 Ng4 26. Bh4 Qxg6 27. Rg5 Qxg5 28. Bxg5 Kf7 29. Ng3 Rh8 30. b3 Ke6 31. Qd1 c6 32. Qf1 Ref8 33. c5 d5 34. c4 Rh2 35.
cxd5+ cxd5 36. Ne2 Rfh8 37. Nd4+ Kf7 38. Qxf5+ Ke8 39.
Qe6+ Kf8 40. Qd6+ Kg8 41. Qd8+ Kg7 42. Qe7+ Kg8 43. Qe8+ Kg7 44. Nf5+ Kh7 45. Qf7# 1-0

[Event "Late-Titled-Tuesday-Blitz-October-17-2023"]
[Site "Chess.com"]
[Date "2023.10.17"]
[Round "3"]
[White "TheKingDoctor"]
[Black "TanitoluwaAps116"]
[Result "1-0"]
[WhiteElo "2453"]
[BlackElo "2613"]
[TimeControl "180+1"]
[EndTime "14:28:55 PDT"]
[Termination "TheKingDoctor won by resignation"]

1. e4 c5 2. c3 Nf6 3. e5 Nd5 4. d4 cxd4 5. Nf3 d6 6. cxd4 Nc6 7. Bc4 e6 8. O-O Be7 9. Qe2 O-O 10. Bd2 dxe5 11. dxe5 Qb6 12. Nc3 Qxb2 13. Bxd5 exd5 14. Nxd5 Be6 15. Rfb1 Qc2 16. Nxe7+ Nxe7 17. Nd4 Qg6 18. Nxe6 fxe6 19. Rxb7 Nf5 20. Bb4 Nh4 21. f3 Rxf3 22. Be7 Re3 23. Qf2 Nf5 24. Bc5 Rxe5 25. Rd1 Re4 26. Rdd7 h5 27. Bd4 Nxd4 28. Rxd4 Rxd4 29. Qxd4 Rc8 30. h3 Rc2 31. g4 hxg4 32. hxg4 Qh6 33. Qd8+ Kh7 34. Qd3+ Qg6 35. Qh3+ Qh6 36.
Qd3+ Qg6 37. Qxg6+ Kxg6 38. Rxa7 Kf6 39. g5+ Kg6 40. Kf1 Rc5 41. Ra6 Rxg5 42. Rxe6+ Kf5 43. Ra6 Kf4 44. Kf2 Rb5 45. Ra4+ Kf5 46. Ra8 g5 47. a4 Rb3 48. a5 Ke4 49. a6 Kf4 50. a7 Rb2+ 51.
Ke1 Ke3 52. Re8+ 1-0